AoeStats
← Espectro

Arena

509276628Analyzed
3v3 RM · 6d ago on Sep 26, 2026· 49m 30s· 6 players
Game mode
Random Map
Map size
Normal (6 player)
Population
200
Speed
Normal
Resources
Standard
Victory
Conquest
Starting age
Dark Age
Ending age
Imperial Age
RankedLock teamsTeams togetherTeam positionsShared explorationLock speedFull tech treeHidden civsTurbo modeCheats
Victory
Defeat
🇲🇽 Koreans · Mexico
957
+14
🇲🇽 Bohemians · Mexico
938
+15
🇲🇽 Khitans · Mexico
933
+15
🇨🇦 Romans · Canada
1105
-22
🇲🇽 Spanish · Mexico
830
-11
🇲🇽 Khmer · Mexico
827
-11
Kirito Wizard
8:56 Loom
10:41 Feudal Age
16:32 Castle Age
14:01 Man-at-Arms
15:26 Double-Bit Axe
15:25 Horse Collar
15:39 Gold Mining
17:28 Squires
16:49 Long Swordsman
16:50 Pikeman
17:36 Scale Mail Armor
22:56 Forging
23:34 Chain Mail Armor
30:34 Iron Casting
34:18 Imperial Age
32:33 Fletching
33:13 Fortified Wall
33:24 Ballistics
33:44 Bow Saw
33:42 Heavy Plow
34:01 Town Watch
34:51 Scale Barding Armor
36:01 Blast Furnace
39:55 Wheelbarrow
39:21 Town Patrol
39:11 Onager
40:54 Conscription
42:11 Ballistas
41:36 Capped Ram
43:50 Chemistry
43:41 Heavy Scorpion
45:00 Siege Engineers
mimotaker
0:57 Loom
11:07 Feudal Age
16:25 Castle Age
24:24 Fletching
28:12 Wheelbarrow
27:42 Gold Mining
30:12 Double-Bit Axe
30:09 Horse Collar
31:01 Hand Cart
30:53 Padded Archer Armor
35:07 Heavy Plow
35:20 Bow Saw
35:34 Stone Mining
35:40 Town Watch
37:34 Tusk Swords
43:00 Imperial Age
43:09 Gold Shaft Mining
43:09 Scale Barding Armor
44:48 Crop Rotation
45:06 Double Crossbow
45:14 Crossbowman
45:30 Heavy Scorpion
46:28 Heavy Scorpion
47:24 Double Crossbow
47:14 Pikeman
47:46 Onager
49:11 Double Crossbow
Espectro
2:06 Loom
11:31 Feudal Age
14:22 Wheelbarrow
16:14 Man-at-Arms
19:40 Double-Bit Axe
19:48 Stone Mining
21:54 Gold Mining
22:15 Horse Collar
27:54 Castle Age
26:01 Fletching
39:09 Hand Cart
41:39 Town Watch
43:14 Bow Saw
rodrigg2003
5:24 Loom
9:02 Feudal Age
14:03 Fletching
14:26 Double-Bit Axe
20:43 Castle Age
21:13 Wheelbarrow
20:33 Stone Mining
29:16 Bow Saw
30:25 Hand Cart
31:08 Horse Collar
31:34 Bodkin Arrow
34:57 Stone Shaft Mining
34:13 Gold Mining
34:26 Scale Mail Armor
34:36 Forging
34:28 Heavy Plow
34:42 Town Watch
39:04 Imperial Age
36:57 Ballistics
36:49 Fortified Wall
36:19 Treadmill Crane
37:23 Town Patrol
37:41 Chain Mail Armor
38:01 Iron Casting
38:26 Gold Shaft Mining
37:55 Eupseong
40:21 Siege Engineers
40:48 Shinkichon
40:48 Conscription
40:16 Heavy Rocket Cart
41:11 Bracer
42:14 Chemistry
41:01 Arrowslits
42:35 Two-Man Saw
41:41 Heavy Cavalry Archer
43:26 Plate Mail Armor
43:28 Masonry
46:59 Architecture
46:25 Murder Holes
Marcotangaloca
9:24 Feudal Age
9:53 Double-Bit Axe
12:02 Domestication
11:54 Man-at-Arms
14:49 Forging
21:33 Castle Age
22:45 Stone Mining
23:08 Bow Saw
22:59 Pastoralism
24:59 Stone Shaft Mining
24:16 Gold Mining
27:22 Imperial Age
27:14 Wheelbarrow
29:59 Two-Man Saw
31:43 Hand Cart
32:52 Chemistry
34:10 Ballistics
34:02 Heavy Rocket Cart
35:23 Fletching
35:43 Scale Barding Armor
36:14 Iron Casting
37:23 Siege Engineers
38:10 Chain Barding Armor
38:47 Transhumance
41:07 Plate Barding Armor
40:23 Fletching
40:17 Elite Steppe Lancer
42:04 Lamellar Armor
42:23 Bodkin Arrow
46:46 Bracer
47:53 Treadmill Crane
BlackOwl
8:10 Loom
10:08 Feudal Age
11:38 Wheelbarrow
12:25 Double-Bit Axe
16:25 Castle Age
17:19 Horse Collar
17:51 Bow Saw
20:37 Ballistics
20:47 Fletching
27:51 Wheelbarrow
27:10 Town Watch
27:30 Heavy Plow
31:38 Hand Cart
32:38 Wagenburg Tactics
33:36 Town Patrol
37:24 Imperial Age
39:55 Chemistry
39:03 Siege Engineers
40:09 Two-Man Saw
39:35 Bodkin Arrow
39:42 Murder Holes
39:56 Elite Hussite Wagon
41:00 Conscription
42:03 Hussite Reforms
42:26 Redemption
43:02 Redemption
43:03 Fervor
43:19 Sanctity
43:29 Illumination
43:22 Block Printing
43:22 Fervor
43:41 Illumination
43:54 Theocracy
43:48 Illumination
Connection lost

Rejoining the realm…

Still unreachable

The connection could not be restored.

Session expired

The server has moved on; the page needs a fresh start.